 Dungeon Crawl Stone Soup version 0.30-a0-1043-g60ff8d5f49 (webtiles) character file.

Game seed: 17818032434588636195

40 Arcadio the Grave Robber (level 3, -1/24 HPs)
             Began as a Human Necromancer on Apr 9, 2023.
             Slain by a hobgoblin
             ... wielding a +0 whip
              (5 damage)
             ... on level 2 of the Dungeon.
             The game lasted 00:02:24 (950 turns).

Arcadio the Grave Robber (Human Necromancer)         Turns: 950, Time: 00:02:25

Health: -1/24      AC:  2    Str:  8    XL:     3   Next: 72%
Magic:  6/6        EV: 12    Int: 17    God:
Gold:   46         SH:  0    Dex: 13    Spells: 6/7 levels left

rFire   . . .      SeeInvis .    e - +0 mace
rCold   . . .      Faith    .    (no shield)
rNeg    . . .      Spirit   .    a - +0 robe
rPois   .          Reflect  .    (no helmet)
rElec   .          Rampage  .    (no cloak)
rCorr   .                        (no gloves)
Will    .....                    (no boots)
Stlth   ++                       (no amulet)
HPRegen 0.24/turn                (no ring)
MPRegen 0.10/turn                (no ring)

@: no status effects
A: no striking features
a: no special abilities


You were on level 2 of the Dungeon.
You visited 1 branch of the dungeon, and saw 2 of its levels.

You collected 46 gold pieces.

Inventory:

Hand Weapons
 d - a +0 whip
 e - a +0 mace (weapon)
 i - a +0 dagger
Armour
 a - a +0 robe (worn)
Scrolls
 c - a scroll of poison {unknown}
Potions
 b - a potion of magic
 f - a potion of mutation {unknown}
 g - a potion of heal wounds {unknown}
 h - 2 potions of degeneration {unknown}
 j - a potion of curing {unknown}


   Skills:
 + Level 2.7 Dodging
 - Level 2.0 Stealth
 + Level 2.6 Spellcasting
 + Level 4.3 Necromancy


You had 6 spell levels left.
You knew the following spells:

 Your Spells              Type           Power      Damage    Failure   Level
a - Necrotise             Necr           68%        1d7       3%          1

Your spell library contained the following spells:

 Spells                   Type           Power      Damage    Failure   Level
 Vampiric Draining        Necr           17%        2d7       9%          3
 Animate Dead             Necr           17%        N/A       30%         4
 Portal Projectile        Hex/Tloc       4%         N/A       50%         3
 Tukima's Dance           Hex            2%         N/A       50%         3
 Agony                    Necr           17%        N/A       63%         5
 Blade Hands              Tmut           1%         N/A       99%         5


Dungeon Overview and Level Annotations

Branches:
Dungeon (2/15) Zot: 11019

Altars:


Message History

Nothing appears to happen.
You feel sick. The adder closely misses you.
Casting: Necrotise (safe; 3% risk of failure)
Confirm with . or Enter, or press ? or * to list all spells.
Aiming: Necrotise (safe; 3% risk of failure)
Press: ? - help, Shift-Dir - straight line, f/p - adder
Aim: an adder (chance to affect: 80%)
The adder writhes in agony.
You feel sick. The adder bites you.
Casting: Necrotise (safe; 3% risk of failure)
Confirm with . or Enter, or press ? or * to list all spells.
Aiming: Necrotise (safe; 3% risk of failure)
Press: ? - help, Shift-Dir - straight line, f/p - adder
Aim: an adder (heavily wounded, chance to affect: 80%)
The adder writhes in agony.
You kill the adder!
The dead are slithering!
You feel sick.
Casting: Necrotise (safe; 3% risk of failure)
Confirm with . or Enter, or press ? or * to list all spells.
You can't see any susceptible monsters within range! (Use Z to cast anyway.) Unknown command.
You feel sick.
You feel sick.
You are no longer poisoned.
A hobgoblin is nearby!
You swap places.
Your magical contamination has completely faded away.
A hobgoblin is nearby!
Your adder skeleton closely misses the hobgoblin.
The hobgoblin hits your adder skeleton with a +0 whip!
Your adder skeleton barely misses the hobgoblin.
The hobgoblin hits your adder skeleton with a +0 whip.
Your adder skeleton is destroyed!
A hobgoblin is nearby!
There is a stone staircase leading down here.
You see here a bubbling ruby potion.
j - a bubbling ruby potion You barely miss the hobgoblin.
The hobgoblin hits you with a +0 whip.
You closely miss the hobgoblin. The hobgoblin hits you with a +0 whip!
* * * LOW HITPOINT WARNING * * *
The hobgoblin hits you with a +0 whip.
You die...

..........#....
##..###.###.#..
#..###.# #.# # #....#.#
#.# #.##...###.##
#.####......### #.#
#.###....# #.# #.#
#.##.# #@# #.....##.#
#g# ##..####.## ## #.#
### #..## .. #.# ##.(#
#. #.# ##.# #$##.#.####
#.# #........g##### #.#
###.##.##....>######.##
# #.######..........


You could see a hobgoblin.

Vanquished Creatures
  An adder (D:2)
  A dart slug (D:1)
  4 ball pythons (D:1)
  2 endoplasms (D:1)
  A giant cockroach (D:1)
  2 goblins
  A hobgoblin (D:1)
  4 jackals (D:1)
  4 bats
  2 frilled lizards (D:1)
  2 kobolds
  5 rats (D:1)
29 creatures vanquished.

Vanquished Creatures (collateral kills)
  A rat (D:1)
1 creature vanquished.

Grand Total: 30 creatures vanquished

Notes
Turn   | Place    | Note
-------+----------+-------------------------------------------
     0 | D:1      | Arcadio the Human Necromancer began the quest for the Orb.
     0 | D:1      | Reached XP level 1. HP: 13/13 MP: 3/3
   175 | D:1      | Reached XP level 2. HP: 13/19 MP: 3/5
   406 | D:1      | Reached XP level 3. HP: 24/24 MP: 6/6
   950 | D:2      | Slain by a hobgoblin

Illustrated notes

Levels and vault maps discovered:
D:1:      dpeg_arrival_pond, layout_loops_ring
D:2:      layout_rooms

Action                     || total
---------------------------++-------
  Melee: Mace              ||    76
         Whip              ||     8
         Unarmed           ||     1
         Punch             ||     1
   Cast: Necrotise         ||     9
   Stab: Sleeping          ||     3
         Distracted        ||     1
 Armour: Robe              ||    32
  Dodge: Dodged            ||    87

Table legend: (Time is in decaauts)
 A = Elapsed time spent in this place.
 B = Non-inter-level travel time spent in this place.
 C = Inter-level travel time spent in this place.
 D = Time resting spent in this place.
 E = Time spent auto-exploring this place.
 F = Levels seen in this place.
 G = Mean time per level.
                   A        B        C        D        E       F      G
               +--------+--------+--------+--------+--------+-----+--------+
         Total |    979 |    941 |     38 |     26 |    629 |   2 |  489.5 |
       Dungeon |    979 |    941 |     38 |     26 |    629 |   2 |  489.5 |
               +--------+--------+--------+--------+--------+-----+--------+

Top non-repeatable levels by time:
     D:1: 866 daAuts
     D:2: 113 daAuts
